 Dungeon Crawl Stone Soup version 0.27-a0-328-g7f782ed93a (webtiles) character file.

Game seed: 12949127618777978607

714 sahdkjhfkaj the Shield-Bearer (level 7, 52/66 HPs)
             Began as a Deep Dwarf Fighter on Feb 12, 2021.
             Was an Initiate of Makhleb.
             Quit the game on level 6 of the Dungeon on Feb 13, 2021.
             The game lasted 00:01:34 (1544 turns).

sahdkjhfkaj the Shield-Bearer (Deep Dwarf Fighter)  Turns: 1544, Time: 00:01:35

Health: 52/66      AC:  7    Str: 21    XL:     7   Next: 41%
Magic:  4/4        EV:  7    Int:  9    God:    Makhleb [......]
Gold:   127        SH: 10    Dex: 12    Spells: 6/6 levels left

rFire    . . .     SeeInvis .   a - +0 war axe
rCold    . . .     Faith    .   c - +0 kite shield
rNeg     . . .     Spirit   .   b - +0 scale mail
rPois    .         Reflect  .   (no helmet)
rElec    .         Harm     .   (no cloak)
rCorr    .         Rampage  .   (no gloves)
Will     +....                  (no boots)
Stlth    ..........             (no amulet)
HPRegen  0.00/turn              (no ring)
MPRegen  0.09/turn              (no ring)

@: mildly poisoned (52 -> 52), non-regenerating
A: damage resistance, heal wounds, sense surroundings 1, no regeneration
a: Heal Wounds, Renounce Religion


You were on level 6 of the Dungeon.
You worshipped Makhleb.
Makhleb was noncommittal.
You visited 2 branches of the dungeon, and saw 7 of its levels.

You collected 127 gold pieces.

Inventory:

Hand Weapons
 a - a +0 war axe (weapon)
Armour
 b - a +0 scale mail (worn)
 c - a +0 kite shield (worn)
Jewellery
 g - an amulet of faith {unknown}
 q - an amulet of the acrobat {unknown}
Wands
 l - a wand of paralysis (8)
Scrolls
 f - 3 scrolls of blinking {unknown}
 h - 7 scrolls of identify {unknown}
 i - a scroll of enchant armour {unknown}
 j - a scroll of magic mapping {unknown}
 k - a scroll of fog {unknown}
 o - a scroll of enchant weapon {unknown}
 p - a scroll of noise {unknown}
 r - a scroll of acquirement {unknown}
 s - a scroll of teleportation {unknown}
Potions
 d - 2 potions of might
 e - 2 potions of curing {unknown}
 m - a potion of mutation {unknown}
 n - a potion of heal wounds {unknown}


   Skills:
 + Level 4.5 Fighting
 + Level 4.9 Axes
 + Level 5.5 Armour
 + Level 5.5 Shields


You had 6 spell levels left.
You didn't know any spells.
Your spell library contained the following spells:

 Spells                   Type           Power        Failure   Level
 Magic Dart               Conj           0%           98%         1
 Blink                    Tloc           N/A          99%         2
 Call Imp                 Summ           0%           99%         2
 Slow                     Hex            0%           99%         2
 Conjure Flame            Conj/Fire      0%           100%        3
 Mephitic Cloud           Conj/Pois/Air  0%           100%        3


Dungeon Overview and Level Annotations

Branches:
Dungeon (6/15)             Temple (1/1) D:6

Altars:
Cheibriados
Dithmenos
Elyvilon
Fedhas
Hepliaklqana
Kikubaaqudgha
Makhleb
Nemelex Xobeh
Okawaru
Qazlal
Ru
Trog
Uskayaw
Vehumet
Xom
Yredelemnul
The Shining One

Annotations:
D:2 Jessica


Innate Abilities, Weirdness & Mutations

You are resistant to damage.
You can heal yourself by infusing magical energy.
You passively map a small area around you.
You do not regenerate.


Message History

There are monsters nearby!
There are monsters nearby!
There are monsters nearby!
There are monsters nearby!
You are too injured to fight recklessly!
You are too injured to fight recklessly!
You are too injured to fight recklessly!
You are too injured to fight recklessly!
You are too injured to fight recklessly!
You are too injured to fight recklessly!
You are too injured to fight recklessly!
You are too injured to fight recklessly!
You are too injured to fight recklessly!
You are too injured to fight recklessly!
You are too injured to fight recklessly!
You are too injured to fight recklessly!
You are too injured to fight recklessly!
You are too injured to fight recklessly!
You are too injured to fight recklessly!
You are too injured to fight recklessly!
You are too injured to fight recklessly!
You are too injured to fight recklessly!
You are too injured to fight recklessly!
You are too injured to fight recklessly!
You are too injured to fight recklessly!
You are too injured to fight recklessly!
You are too injured to fight recklessly!
You are too injured to fight recklessly!
There are monsters nearby!
There are monsters nearby!
There are monsters nearby!
There are monsters nearby!
Your magical essence is drained by the effort!
You feel much better. You block the adder's attack.
The white imp barely misses you.
Saving game... please wait.
Welcome back, sahdkjhfkaj the Deep Dwarf Fighter.
Blood and souls for Makhleb!
Press ? for a list of commands and other information.
Are you sure you want to abandon this character and quit the game? (Confirm with "yes".)

* ..,#........(..# , ..
..........#.##.#.#.# * ,
.##......##.#....#.#.. , *
............(........ .####
.................... ,,
.<....* .o.................
>..... ,,......##..........
....). **#S5...............
* #.....# ##@...#..
.........
.......##........#,#.......
,...........##..#####.......
* ..###......#..# #.........
##........###.........
#.........#......)...
#................)...
###.....#.......##.##..
#.........##..#...##...


You could see an orc wizard, an adder and a white imp.

Vanquished Creatures
  An ice beast (D:6)
  An ogre (D:6)
  A phantom (D:6)
  A centaur (D:6)
  A bullfrog (D:6)
  A scorpion (D:6)
  A hound (D:5)
  2 bullfrog skeletons
  2 iguanas (D:6)
  An orc wizard (D:4)
  A worker ant (D:6)
  A howler monkey zombie (D:4)
  3 adders
  A white imp (D:6)
  3 worms
  An adder skeleton (D:6)
  2 orcs (D:4)
  2 giant cockroaches
  2 hobgoblins
  A ball python (D:2)
  A bat (D:1)
  2 frilled lizards
  A leopard gecko skeleton (D:6)
  2 quokka skeletons (D:4)
  A quokka zombie (D:6)
  2 rats
38 creatures vanquished.

Notes
Turn   | Place    | Note
-------+----------+-------------------------------------------
     0 | D:1      | sahdkjhfkaj the Deep Dwarf Fighter began the quest for the
                  | Orb.
     0 | D:1      | Reached XP level 1. HP: 20/20 MP: 1/1
   173 | D:2      | Reached XP level 2. HP: 25/27 MP: 2/2
   493 | D:2      | Noticed Jessica
   650 | D:4      | Reached XP level 3. HP: 24/34 MP: 3/3
   685 | D:4      | Found a snail-covered altar of Cheibriados.
   774 | D:5      | Entered Level 5 of the Dungeon
   788 | D:5      | Reached XP level 4. HP: 42/42 MP: 3/3
  1060 | D:5      | Reached XP level 5. HP: 26/49 MP: 4/4
  1154 | D:6      | Found a staircase to the Ecumenical Temple.
  1174 | D:6      | Reached XP level 6. HP: 37/57 MP: 5/5
  1176 | Temple   | Entered the Ecumenical Temple
  1331 | Temple   | Became a worshipper of Makhleb the Destroyer
  1375 | D:6      | Noticed an ice beast
  1392 | D:6      | Killed an ice beast
  1393 | D:6      | Reached skill level 5 in Shields
  1411 | D:6      | Reached skill level 5 in Armour
  1475 | D:6      | Reached XP level 7. HP: 42/66 MP: 5/5
  1544 | D:6      | Quit the game

Illustrated notes

Levels and vault maps discovered:
D:1:      lightli_arrival_windingriver, layout_rooms,
          minmay_misc_feat_diagonals, minmay_misc_feat_plants,
          grunt_decor_one_mirror, corexii_hall_statues_l, st_stairs_8,
          minmay_misc_feat_ornament
D:2:      layout_basic, supply_closet_lemuel, hangedman_decor_clover_reticule,
          uniq_jessica
D:3:      layout_rooms, grunt_temple_overflow_open, minmay_joined_circles
D:4:      minmay_skewed_foursquare, layout_cave_pools, marbit_many_paths,
          nrook_campfire, uniq_crazy_yiuf_cottage
D:5:      layout_layer_cave, grunt_gozag_breadcrumbs, bloody_trog,
          uniq_prince_ribbit1
D:6:      layout_cave_pools, minmay_temple_entry_ruins
Temple:   nicolae_temple_elliptical

Skill      XL: |  1  2  3  4  5  6 |
---------------+-------------------+-----
Fighting       | 3 4 |  4.5
Axes           | 3 4 |  4.9
Shields        | 4 5 |  5.5
Armour         | 4 5 |  5.5

Action                   |  1- 3 |  4- 6 |  7- 9 || total
-------------------------+-------+-------+-------++-------
Melee: War axe           |    79 |   103 |    16 ||   198
 Abil: Heal Wounds       |     3 |     5 |     2 ||    10
Armor: Scale mail        |    49 |    45 |     4 ||    98
Dodge: Dodged            |    18 |    42 |     6 ||    66
Block: Kite shield       |    44 |    58 |     5 ||   107

Table legend: (Time is in decaauts)
 A = Elapsed time spent in this place.
 B = Non-inter-level travel time spent in this place.
 C = Inter-level travel time spent in this place.
 D = Time resting spent in this place.
 E = Time spent auto-exploring this place.
 F = Levels seen in this place.
 G = Mean time per level.
                   A        B        C        D        E       F      G
               +--------+--------+--------+--------+--------+-----+--------+
         Total |   1653 |   1563 |     90 |      0 |   1065 |   7 |  236.1 |
       Dungeon |   1479 |   1422 |     57 |      0 |    927 |   6 |  246.5 |
        Temple |    173 |    140 |     33 |      0 |    138 |   1 |  173.0 |
               +--------+--------+--------+--------+--------+-----+--------+

Top non-repeatable levels by time:
     D:2: 433 daAuts
     D:6: 332 daAuts
     D:5: 330 daAuts
  Temple: 173 daAuts
     D:4: 170 daAuts
     D:3: 120 daAuts
     D:1: 92 daAuts
